 Dungeon Crawl Stone Soup version 0.25-a0-663-gace7076f2c (webtiles) character file.

Game seed: 10389796900188358468, levelgen mode: deterministic

3653 kae the Grappler (level 9, -4/64 HPs)
             Began as a Purple Draconian Transmuter on Mar 24, 2020.
             Was a Believer of Wu Jian.
             Hit by a large rock thrown by a cyclops (32 damage)
             ... on level 9 of the Dungeon.
             The game lasted 00:08:28 (8681 turns).

kae the Grappler (Purple Draconian Transmuter)      Turns: 8681, Time: 00:08:28

Health: -4/64      AC:  7    Str: 14    XL:     9   Next: 88%
Magic:  21/21      EV: 12    Int: 19    God:    Wu Jian [**....]
Gold:   499        SH:  0    Dex: 11    Spells: 18/24 levels left

rFire    . . .     SeeInvis .     - Unarmed
rCold    . . .     Gourm    .   (no shield)
rNeg     . . .     Faith    .   (armour unavailable)
rPois    .         Spirit   .   (helmet restricted)
rElec    .         Reflect  .   (no cloak)
rCorr    .         Harm     .   (no gloves)
MR       +....                  (no boots)
Stlth    ++........             (no amulet)
HPRegen  0.20/turn              s - ring of stealth
MPRegen  0.17/turn              k - +3 ring of intelligence

@: no status effects
A: breathe power, unfitting armour, cold-blooded, AC +7
a: Breathe Dispelling Energy, Wall Jump, Renounce Religion


You were on level 9 of the Dungeon.
You worshipped Wu Jian.
Wu Jian was pleased with you.
You were not hungry.

You visited 1 branch of the dungeon, and saw 9 of its levels.

You collected 499 gold pieces.

Inventory:

Missiles
 a - 190 arrows
Jewellery
 k - a +3 ring of intelligence (right hand)
 s - a ring of stealth (left hand)
Wands
 d - a wand of flame (47)
 l - a wand of iceblast (10)
 n - a wand of paralysis (2)
 p - a wand of random effects (18)
Scrolls
 b - 2 scrolls of magic mapping
 e - 3 scrolls of fog
 h - a scroll of enchant weapon
 o - 5 scrolls of remove curse
 q - a scroll of identify
Potions
 g - 7 potions of heal wounds
 i - 2 potions of lignification
 j - a potion of curing
 r - a potion of resistance
 t - a potion of cancellation
 w - a potion of mutation
Comestibles
 c - 19 rations


   Skills:
 - Level 1.1 Fighting
 - Level 1.7 Dodging
 * Level 10.5 Unarmed Combat
 + Level 8.1 Spellcasting
 + Level 7.4 Transmutations


You had 18 spell levels left.
You knew the following spells:

 Your Spells              Type           Power        Failure   Level  Hunger
a - Beastly Appendage     Tmut           #####.       1%          1    None
b - Sticks to Snakes      Tmut           #####...     1%          2    None
c - Spider Form           Tmut/Pois      ###.......   6%          3    None

Your spell library contained the following spells:

 Spells                   Type           Power        Failure   Level  Hunger
 Blade Hands              Tmut           #####.....   12%         5    #####..
 Ice Form                 Ice/Tmut       ###.....     21%         4    ###....


Dungeon Overview and Level Annotations

Branches:
Dungeon (9/15)             Temple (0/1) D:7
   Lair: D:8-11         Orc: D:9-12

Altars:
Ashenzari
Cheibriados
Fedhas
Kikubaaqudgha
Nemelex Xobeh
Okawaru
Trog
Wu Jian
Yredelemnul
Zin
The Shining One

Shops:
D:6 %   D:8 [


Innate Abilities, Weirdness & Mutations

You can breathe bolts of dispelling energy.
Your rich purple scales are hard. (AC +7)
You cannot fit into any form of body armour.
You are cold-blooded and may be slowed by cold attacks.


Message History

You start resting.
Eating a chunk of flesh.
You eat the chunk of flesh.
This raw flesh tastes terrible.
Your transformation is almost over.
Things that are here:
a +0 flail; a gnoll skeleton You start resting.
Your transformation has ended.
You start resting.
A cyclops comes into view.
A cyclops is nearby!
The cyclops shouts!
As you read the scroll of fear, it crumbles to dust.
You assume a fearsome visage.
The cyclops looks frightened!
Things that are here:
a +0 flail; a gnoll skeleton
Things that are here:
a +0 spear; a gnoll skeleton The cyclops throws a large rock.
The large rock hits you!!
Ouch! That really hurt!
You die...

#.......# #.......#
#.......# #.......# #
###########.......# .#
#.......##.....#### ..#
#..............# #####...##
#...<...##.#...####.........
#..........#.@...)).)......#
#.......####.#.####.........
#.......# #.#.# #####...##
#......... ..#.# ...#
####......C###.# ..#
#.#####.# #.# .# #.# ... ..#
## ## ###


You could see a cyclops.

Vanquished Creatures
  A two-headed ogre (D:8)
  Grinder (D:5)
  A hippogriff (D:8)
  A spriggan (D:7)
  A hungry ghost (D:8)
  A water moccasin (D:6)
  An orc warrior (D:8)
  A sky beast (D:5)
  A phantom (D:8)
  4 ogres
  A big kobold (D:8)
  A gnoll sergeant (D:9)
  A bullfrog (D:6)
  4 wights (D:6)
  2 electric eels (D:8)
  A howler monkey (D:4)
  3 crimson imps
  A bullfrog zombie (D:5)
  A centaur zombie (D:8)
  3 centaur skeletons
  6 hounds
  A jelly (D:8)
  3 orc wizards
  3 orc priests
  2 iguanas
  Ijyb (D:5)
  2 bullfrog skeletons (D:5)
  3 worker ants
  A hound zombie (D:7)
  9 gnolls
  A howler monkey skeleton (D:8)
  6 adders
  A shadow imp (D:7)
  3 oozes
  3 worms
  3 dart slugs (D:2)
  2 leopard geckos
  29 orcs
  6 bats
  3 bat zombies (D:7)
  9 giant cockroaches
  10 hobgoblins
  11 jackals
  15 kobolds
  2 quokkas
  3 ball pythons
  7 frilled lizards
  7 goblins
  15 rats
  A rat zombie (D:7)
199 creatures vanquished.

Vanquished Creatures (others)
  2 plants (D:8)
2 creatures vanquished.

Grand Total: 201 creatures vanquished

Notes
Turn   | Place    | Note
-------+----------+-------------------------------------------
     0 | D:1      | kae the Draconian Transmuter began the quest for the Orb.
     0 | D:1      | Reached XP level 1. HP: 16/16 MP: 3/3
   161 | D:1      | Reached XP level 2. HP: 21/23 MP: 5/5
   473 | D:1      | Reached XP level 3. HP: 12/28 MP: 6/6
  1128 | D:2      | Reached skill level 4 in Unarmed Combat
  1174 | D:1      | Reached XP level 4. HP: 33/35 MP: 5/7
  1178 | D:1      | Learned a level 2 spell: Sticks to Snakes
  1182 | D:1      | Learned a level 3 spell: Spider Form
  2000 | D:2      | Reached XP level 5. HP: 34/40 MP: 9/9
  2325 | D:3      | Found a blossoming altar of Fedhas.
  2331 | D:3      | Found a snail-covered altar of Cheibriados.
  2334 | D:3      | Found a bloodstained altar of Trog.
  2624 | D:3      | Reached skill level 5 in Unarmed Combat
  3057 | D:3      | Reached XP level 6. HP: 45/47 MP: 6/10
  3629 | D:4      | Found a glowing golden altar of the Shining One.
  3652 | D:4      | Found an ornate altar of the Wu Jian Council.
  3774 | D:4      | Became a worshipper of the Wu Jian Council
  3790 | D:4      | Found a basalt altar of Yredelemnul.
  4053 | D:4      | Noticed an angel
  4086 | D:5      | Entered Level 5 of the Dungeon
  4149 | D:5      | Reached skill level 6 in Unarmed Combat
  4162 | D:5      | Your scales start taking on a rich purple colour.
  4162 | D:5      | Reached XP level 7. HP: 42/52 MP: 13/13
  4171 | D:5      | Noticed Ijyb
  4196 | D:5      | Killed Ijyb
  4352 | D:5      | Reached skill level 5 in Spellcasting
  4583 | D:5      | Found an iron altar of Okawaru.
  4590 | D:5      | Found a glowing silver altar of Zin.
  4878 | D:5      | Noticed Grinder
  4893 | D:5      | Killed Grinder
  4893 | D:5      | Reached skill level 7 in Unarmed Combat
  4919 | D:5      | Reached skill level 5 in Transmutations
  4919 | D:5      | Reached XP level 8. HP: 59/59 MP: 12/16
  5256 | D:6      | Reached * piety under Wu Jian
  5280 | D:6      | You fall into a shaft and drop 2 floors!
  5295 | D:8      | Reached skill level 8 in Unarmed Combat
  5480 | D:8      | Found Gaeklaw's Antique Armour Emporium.
  5713 | D:8      | Noticed a two-headed ogre
  5745 | D:8      | Killed a two-headed ogre
  5745 | D:8      | Reached skill level 9 in Unarmed Combat
  5745 | D:8      | Reached XP level 9. HP: 14/64 MP: 17/19
  6740 | D:7      | Found a staircase to the Ecumenical Temple.
  6755 | D:7      | Found an iron altar of Okawaru.
  6791 | D:7      | Found a sparkling altar of Nemelex Xobeh.
  7001 | D:7      | Reached skill level 10 in Unarmed Combat
  7374 | D:7      | Found a shattered altar of Ashenzari.
  7577 | D:7      | Found an ancient bone altar of Kikubaaqudgha.
  7665 | D:6      | Reached ** piety under Wu Jian
  8113 | D:6      | Found Mari's Food Shoppe.
  8671 | D:9      | Noticed a cyclops
  8681 | D:9      | Hit by a large rock thrown by a cyclops

Levels and vault maps discovered:
D:1:      dpeg_arrival_three_same_balls, layout_rooms, minmay_unequal
D:2:      layout_basic, first_ration, serial_rivers,
          chequers_serial_rivers_micro_a, chequers_serial_rivers_large_b,
          chequers_serial_rivers_micro_a, chequers_serial_rivers_micro_c,
          chequers_serial_rivers_micro_e, minmay_pentomino_z2
D:3:      layout_basic, grunt_temple_overflow_open
D:4:      layout_cave_pools, grunt_temple_overflow_holy_war, lemuel_round_altar,
          grunt_decor_resistance
D:5:      layout_cave_pools, overflow_temple_1_default, zin_academy, uniq_ijyb,
          uniq_grinder
D:6:      layout_cave_pods, serial_shops, shop
D:7:      layout_loops_ring, lemuel_zombie_altar_kikubaaqudgha,
          nemelex_xobeh_ov_fountains_minmay, nicolae_ashenzari_panopticon,
          temple_pool_b, the_bakery, okawaru_ov_weapons_minmay
D:8:      layout_basic, serial_shops, shop, serial_bayou_ford_a
D:9:      layout_loops_cross, serial_shops, shop, minmay_protected_statue

Skill      XL: |  1  2  3  4  5  6  7  8  9 |
---------------+----------------------------+-----
Unarmed Combat | 4 5 6 7 9 10 | 10.5
Transmutations | 3 4 5 6 7 |  7.4
Spellcasting   | 3 4 5 7 8 |  8.1
Fighting       | |  1.1
Dodging        | |  1.7

Action                   |  1- 3 |  4- 6 |  7- 9 || total
-------------------------+-------+-------+-------++-------
Melee: Unarmed           |   160 |   268 |   274 ||   702
       Kick              |    11 |    12 |     7 ||    30
       Tailslap          |     7 |    15 |    12 ||    34
       Headbutt          |     3 |    12 |     2 ||    17
       Punch             |     2 |     1 |     1 ||     4
 Cast: Beastly Appendage |    18 |    16 |     7 ||    41
       Spider Form       |       |     7 |    27 ||    34
Invok: Lunge             |       |       |    22 ||    22
       Whirlwind         |       |       |     4 ||     4
 Abil: Breathe Dispellin |       |       |    10 ||    10
Evoke: Wand              |       |       |     5 ||     5
  Use: Potion            |     3 |       |     3 ||     6
       Scroll            |       |    10 |     9 ||    19
 Stab: Sleeping          |       |     2 |       ||     2
       Paralysed         |       |       |    17 ||    17
  Eat: Chunk             |     1 |    12 |    14 ||    27
       Ration            |       |       |     1 ||     1
Armor: Skin              |    46 |    60 |    23 ||   129
Dodge: Dodged            |   121 |   172 |   145 ||   438

Table legend:
 A = Non-vault XP
 B = Vault XP
 C = Vault XP percentage of total XP
 D = Non-vault monster count
 E = Vault monster count
 F = Vault count percentage of total count
                 A         B        C        D         E       F
            +---------+---------+-------+---------+---------+-------
      Total |    4665 |     554 |  10.6 |     189 |      10 |   5.0
            +---------+---------+-------+---------+---------+-------
        D:1 |      64 |       5 |   7.2 |      34 |       3 |   8.1
        D:2 |     156 |       0 |   0.0 |      34 |       0 |   0.0
        D:3 |     158 |       0 |   0.0 |      31 |       0 |   0.0
        D:4 |     233 |       0 |   0.0 |      17 |       0 |   0.0
        D:5 |     648 |     308 |  32.2 |      17 |       2 |  10.5
        D:6 |     904 |       0 |   0.0 |      18 |       0 |   0.0
        D:7 |      94 |     241 |  71.9 |       7 |       5 |  41.7
        D:8 |    2207 |       0 |   0.0 |      24 |       0 |   0.0
        D:9 |     201 |       0 |   0.0 |       7 |       0 |   0.0
            +---------+---------+-------+---------+---------+-------
